cohdb
Replays
Latest Replays
All Replays
Popular Replays
Top Player Replays
Match Explorer
How It Works
Community
CoH3 Stats
Reddit
Sign in to upload your games and track your stats! →
Sign in with Steam
Match 42758771
Unlisted
Match 42758771
Overview
Messages
Build Orders
End
Vickers Machine Gun Team
Construct Section Command Post
Selects Indian Artillery Battlegroup
Infantry Section
Infantry Section
Construct Platoon Command Post
Selects Towed ML 4.2-inch Heavy Mortar
Grenade Package
Infantry Training
Towed ML 4.2-inch Heavy Mortar
Construct Company Command Post
Selects Off-map Airburst Barrage
Selects BL5.5 Artillery Emplacement
Off-map Airburst Barrage
Foot Guards Section
Foot Guards Section
Selects Valour
Matilda II Heavy Tank
Off-map Airburst Barrage
Selects Gurkha Rifles Section
Gurkha Rifles Section
LOS DIABLES DEL RIOCON LECHE
6uree3
t(-_-t)#Eat_this
18918848
kerem
ShadowStorm
JOJO
gUi
0
0
Comments
sign in to comment!
No comments posted yet!